 Dungeon Crawl Stone Soup version 0.28-a0-1404-g4df0f3684d (webtiles) character file.

Game seed: 15190857526183077356

165 rogsnak the Gusty (level 5, 0/36 HPs)
             Began as a Demonspawn Air Elementalist on Jan 5, 2022.
             Slain by a bullfrog zombie (2 damage)
             ... on level 3 of the Dungeon.
             The game lasted 00:06:50 (4106 turns).

rogsnak the Gusty (Demonspawn Air Elementalist)     Turns: 4106, Time: 00:06:50

Health: 0/36       AC:  3    Str:  9    XL:     5   Next: 21%
Magic:  6/9        EV: 16    Int: 18    God:
Gold:   184        SH:  0    Dex: 13    Spells: 1/9 levels left

rFire   . . .      SeeInvis +   g - +0 whip (elec)
rCold   . . .      Faith    .   l - orb {mayhem}
rNeg    . . .      Spirit   .   a - +0 robe
rPois   .          Reflect  .   (helmet restricted)
rElec   .          Harm     .   (no cloak)
rCorr   .          Rampage  .   (no gloves)
Will    .....                   m - +0 pair of boots
Stlth   ++........              (no amulet)
HPRegen 0.12/turn               j - ring of see invisible
MPRegen 0.11/turn               k - +4 ring of evasion

@: no status effects
A: horns 1
a: no special abilities


You were on level 3 of the Dungeon.
You visited 1 branch of the dungeon, and saw 3 of its levels.

You collected 184 gold pieces.

Inventory:

Hand Weapons
 b - a +0 whip
 c - a +0 spear
 g - a +0 whip of electrocution (weapon)
Missiles
 e - 6 javelins
Armour
 a - a +0 robe (worn)
 l - an orb of mayhem (worn)
 m - a +0 pair of boots (worn)
Jewellery
 j - a ring of see invisible (left hand)
 k - a +4 ring of evasion (right hand)
 n - a +4 ring of slaying
Scrolls
 d - 4 scrolls of identify {unknown}
 f - a scroll of acquirement {unknown}
 i - a scroll of magic mapping {unknown}
 o - a scroll of noise {unknown}
Potions
 h - 2 potions of ambrosia {unknown}


   Skills:
 + Level 0.3 Fighting
 + Level 2.1 Dodging
 - Level 2.0 Stealth
 + Level 2.8 Spellcasting
 * Level 3.2 Conjurations
 + Level 3.7 Air Magic


You had one spell level left.
You knew the following spells:

 Your Spells              Type           Power      Damage    Failure   Level
a - Shock                 Conj/Air       56%        1d6       4%          1
b - Swiftness             Air            15%        N/A       11%         3
c - Airstrike             Air            7%         N/A       34%         4

Your spell library contained the following spells:

 Spells                   Type           Power      Damage    Failure   Level
 Static Discharge         Conj/Air       14%        N/A       6%          2


Dungeon Overview and Level Annotations

Branches:
Dungeon (3/15)

Altars:

Annotations:
D:3 Ijyb; Urgle's ghost, amateur GnFi


Innate Abilities, Weirdness & Mutations

You have a pair of small horns on your head.


Message History

Confirm with . or Enter, or press ? or * to list all spells.
Aiming: Shock (safe; 4% risk of failure)
Press: ? - help, Shift-Dir - straight line That beam is likely to hit you.
Continue anyway?
Okay, then.
Casting: Shock (safe; 4% risk of failure)
Confirm with . or Enter, or press ? or * to list all spells.
Aiming: Shock (safe; 4% risk of failure)
Press: ? - help, Shift-Dir - straight line The zap hits the bullfrog skeleton.
The bullfrog skeleton is heavily damaged.
The zap hits the bullfrog skeleton.
The bullfrog skeleton is severely damaged.
The bullfrog skeleton hits you.
* * * LOW HITPOINT WARNING * * *
The bullfrog zombie hits you.
* * * LOW HITPOINT WARNING * * *
Unknown command.
Casting: Shock (safe; 4% risk of failure)
Confirm with . or Enter, or press ? or * to list all spells.
Aiming: Shock (safe; 4% risk of failure)
Press: ? - help, Shift-Dir - straight line
Okay, then.
Okay, then.
Hit: g) +0 whip (elec)
Press: ? - help, Dir - move target, f - bullfrog zombie
Aim: a bullfrog zombie (lightly damaged, about 32% to evade your +0 whip of electrocution)
Okay, then.
You aren't carrying any items that you can evoke.
Unknown command.
Casting: Shock (safe; 4% risk of failure)
Confirm with . or Enter, or press ? or * to list all spells.
You don't know that spell.
You hit the bullfrog skeleton.
The bullfrog skeleton is almost destroyed.
The bullfrog skeleton closely misses you.
The bullfrog zombie closely misses you. The bullfrog skeleton hits you.
* * * LOW HITPOINT WARNING * * *
The bullfrog zombie hits you.
You die...

#.#.###....).#
#.#.####...#)########.
......##...#.#........
#(........)....######..###...
###.######..................
###.# #.)..#.....####....#.g
.##.###.#######...###.##....
.##..............Z.....##..#
.#.......)......@Z..#...#..##
.....#############..#.......#####
.....#[.........©#..# #.........
#....#...........#..# #.##..####
#....#..###.###.W#..##...###.)#..
#....#..#8#.#8#..#..>..# ##...#
.....#..........$#..##.# #.###
##..©#.....©....$#©.# .# #.###
##...#...........#..# # #....


You could see a bullfrog zombie and a bullfrog skeleton.

Vanquished Creatures
  Robin (D:3)
  4 gnolls (D:3)
  An adder (D:2)
  2 worms (D:2)
  6 dart slugs
  2 orcs (D:3)
  12 endoplasms
  5 giant cockroaches
  9 hobgoblins
  2 jackals (D:1)
  6 kobolds
  6 quokkas
  4 ball pythons
  5 bats
  7 goblins
  8 rats
80 creatures vanquished.

Notes
Turn   | Place    | Note
-------+----------+-------------------------------------------
     0 | D:1      | rogsnak the Demonspawn Air Elementalist began the quest for
                  | the Orb.
     0 | D:1      | Reached XP level 1. HP: 13/13 MP: 3/3
   244 | D:1      | Gained mutation: You have a pair of small horns on your
                  | head. [demonic ancestry]
   244 | D:1      | Reached XP level 2. HP: 3/19 MP: 0/5
  1175 | D:1      | Reached XP level 3. HP: 24/24 MP: 4/6
  2574 | D:2      | Reached XP level 4. HP: 30/30 MP: 4/7
  3126 | D:3      | Found a transporter.
  3126 | D:3      | Noticed Urgle's ghost (amateur GnFi)
  3141 | D:3      | Noticed Robin
  3158 | D:3      | Killed Robin
  3520 | D:3      | Found a transporter.
  3554 | D:3      | Reached XP level 5. HP: 36/36 MP: 3/8
  3747 | D:3      | Found a faded altar of an unknown god.
  3900 | D:3      | Learned a level 3 spell: Swiftness
  3905 | D:3      | Learned a level 4 spell: Airstrike
  4019 | D:3      | Noticed Ijyb
  4106 | D:3      | Slain by a bullfrog zombie

Illustrated notes

Levels and vault maps discovered:
D:1:      dpeg_arrival_stonehenge_8_columns, layout_loops_ring, st_stairs_12
D:2:      layout_loops_corners
D:3:      layout_rooms, lemuel_coloured_pillars_altar,
          gammafunk_ghost_mausoleum, shapermc_ecumenical_altar_flowoftime,
          uniq_ijyb, uniq_sigmund, uniq_robin

Skill      XL: |  1  2  3  4 |
---------------+-------------+-----
Stealth        | 2 |  2.0
Air Magic      | 3 |  3.7
Dodging        | 2 |  2.1
Conjurations   | 2 3 |  3.2
Fighting       | |  0.3
Spellcasting   | |  2.8

Action                   |  1- 3 |  4- 6 || total
-------------------------+-------+-------++-------
Melee: Spear             |    18 |       ||    18
       Whip              |     9 |    19 ||    28
       Headbutt          |     2 |     1 ||     3
 Cast: Shock             |   100 |    78 ||   178
Armor: Robe              |     5 |     5 ||    10
Dodge: Dodged            |    18 |    26 ||    44

Table legend: (Time is in decaauts)
 A = Elapsed time spent in this place.
 B = Non-inter-level travel time spent in this place.
 C = Inter-level travel time spent in this place.
 D = Time resting spent in this place.
 E = Time spent auto-exploring this place.
 F = Levels seen in this place.
 G = Mean time per level.
                   A        B        C        D        E       F      G
               +--------+--------+--------+--------+--------+-----+--------+
         Total |   4109 |   4054 |     55 |    861 |   2472 |   3 | 1369.7 |
       Dungeon |   4109 |   4054 |     55 |    861 |   2472 |   3 | 1369.7 |
               +--------+--------+--------+--------+--------+-----+--------+

Top non-repeatable levels by time:
     D:1: 1649 daAuts
     D:2: 1366 daAuts
     D:3: 1093 daAuts
